AoeStats
← 啊超

African Clearing

505916421Analyzed
4v4 RM · 20d ago on Sep 11, 2026· 55m 44s· 8 players
Game mode
Random Map
Map size
Large (8 player)
Population
200
Speed
Normal
Resources
Standard
Victory
Conquest
Starting age
Dark Age
Ending age
Imperial Age
RankedLock teamsTeams togetherTeam positionsShared explorationLock speedFull tech treeHidden civsTurbo modeCheats
Victory
Defeat
🇹🇷 Burgundians · Türkiye
1201
+10
🇹🇷 Magyars · Türkiye
1174
+11
🇹🇷 Cumans · Türkiye
1112
+13
🇹🇷 Slavs · Türkiye
1110
+13
🇨🇳 Mongols · China
1072
-12
🇺🇸 Vietnamese · United States
1069
-12
🇨🇳 Franks · China
1059
-12
🇹🇼 Khmer · Taiwan
1043
-11
TWENTYSIX2SAM4
6:59 Loom
15:23 Feudal Age
16:19 Double-Bit Axe
16:16 Horse Collar
18:31 Fletching
26:39 Castle Age
25:54 Gold Mining
27:15 Padded Archer Armor
28:05 Wheelbarrow
27:16 Crossbowman
29:45 Ballistics
34:15 Stone Mining
34:33 Bodkin Arrow
36:15 Leather Archer Armor
36:29 Thumb Ring
37:24 Bow Saw
38:55 Scale Mail Armor
39:05 Forging
41:29 Imperial Age
44:20 Imperial Age
Mr.Young
3:53 Loom
14:10 Feudal Age
18:40 Castle Age
17:33 Double-Bit Axe
37:35 Imperial Age
35:38 Scale Barding Armor
36:29 Husbandry
37:51 Chain Barding Armor
37:39 Cavalier
39:20 Plate Barding Armor
39:43 Forging
42:59 Iron Casting
42:43 Paladin
45:34 Blast Furnace
45:22 Gold Mining
123木頭人
4:46 Loom
13:56 Feudal Age
18:48 Bloodlines
24:51 Castle Age
22:42 Double-Bit Axe
25:36 Light Cavalry
25:46 Pikeman
29:07 Wheelbarrow
啊超
14:15 Feudal Age
14:37 Loom
21:31 Castle Age
25:54 Double-Bit Axe
26:27 Horse Collar
31:05 Fletching
32:25 Ballistics
32:12 Padded Archer Armor
39:27 Imperial Age
37:25 Bodkin Arrow
37:45 Arson
39:30 Squires
38:52 Pikeman
40:11 Husbandry
40:22 Bloodlines
40:15 Elite Mangudai
41:20 Leather Archer Armor
42:22 Wheelbarrow
43:03 Chemistry
44:44 Nomads
44:17 Heavy Camel Rider
45:18 Bracer
45:28 Forging
45:24 Scale Barding Armor
47:49 Iron Casting
48:12 Light Cavalry
50:20 Gold Mining
56:28 Gold Shaft Mining
55:38 Hussar
SOLIIN
7:54 Loom
14:46 Feudal Age
18:10 Man-at-Arms
26:20 Castle Age
25:25 Horse Collar
25:33 Double-Bit Axe
25:41 Stone Mining
27:13 Husbandry
28:34 Scale Barding Armor
28:40 Forging
32:37 Bow Saw
33:18 Heavy Plow
36:00 Wheelbarrow
36:13 Town Watch
36:57 Elite Skirmisher
40:54 Imperial Age
39:09 Padded Archer Armor
39:00 Fletching
41:35 Pikeman
42:18 Elite Boyar
44:41 Conscription
45:00 Scale Mail Armor
45:15 Leather Archer Armor
44:56 Bodkin Arrow
51:07 Iron Casting
53:11 Chain Barding Armor
53:23 Ring Archer Armor
ErsanKuneri
9:32 Loom
13:57 Feudal Age
19:35 Castle Age
18:26 Bloodlines
21:33 Double-Bit Axe
24:47 Pikeman
28:34 Husbandry
29:53 Scale Barding Armor
29:50 Scale Mail Armor
34:45 Town Watch
35:37 Wheelbarrow
35:36 Gold Mining
39:09 Imperial Age
37:17 Hand Cart
36:52 Horse Collar
37:38 Town Patrol
38:01 Heavy Plow
39:10 Cavalier
40:12 Chain Barding Armor
40:38 Masonry
41:04 Gold Shaft Mining
41:28 Plate Barding Armor
40:42 Paladin
43:05 Thumb Ring
44:16 Conscription
46:17 Crop Rotation
45:52 Corvinian Army
46:50 Elite Skirmisher
47:23 Fletching
47:34 Padded Archer Armor
49:21 Bodkin Arrow
49:42 Leather Archer Armor
54:25 Bracer
54:56 Ring Archer Armor
54:43 Chain Mail Armor
55:31 Chemistry
55:08 Ballistics
55:13 Halberdier
ZINK ZINK!
13:34 Loom
16:05 Feudal Age
20:12 Horse Collar
30:14 Castle Age
28:44 Double-Bit Axe
28:51 Stone Mining
28:52 Gold Mining
32:20 Gold Mining
32:39 Elite Skirmisher
37:20 Imperial Age
35:04 Fletching
35:15 Padded Archer Armor
35:02 Elite Skirmisher
37:23 Bodkin Arrow
37:44 Leather Archer Armor
39:22 Ballistics
39:36 Ring Archer Armor
39:28 Thumb Ring
39:51 Bow Saw
41:56 Chemistry
41:37 Crossbowman
44:57 Parthian Tactics
43:54 Heavy Cavalry Archer
47:04 Two-Man Saw
46:07 Heavy Plow
48:31 Forging
48:21 Scale Mail Armor
48:26 Scale Barding Armor
49:37 Gold Shaft Mining
50:00 Man-at-Arms
50:02 Pikeman
51:37 Halberdier
52:18 Squires
55:20 Iron Casting
55:00 Chain Mail Armor
merd
11:24 Double-Bit Axe
13:10 Feudal Age
13:29 Loom
20:46 Castle Age
19:42 Forging
20:40 Scale Barding Armor
21:31 Husbandry
24:06 Town Watch
25:51 Cavalier
28:51 Iron Casting
30:05 Wheelbarrow
30:16 Gold Mining
30:17 Stone Mining
31:05 Bow Saw
32:07 Elite Skirmisher
32:41 Fletching
32:51 Padded Archer Armor
33:48 Gold Shaft Mining
33:48 Stone Shaft Mining
35:03 Ballistics
35:31 Bodkin Arrow
35:52 Leather Archer Armor
35:57 Chain Barding Armor
44:50 Town Patrol
45:06 Hand Cart
46:16 Fortified Wall
45:55 Horse Collar
48:56 Imperial Age
50:52 Chemistry
50:33 Bracer
50:42 Paladin
52:51 Plate Barding Armor
53:17 Blast Furnace
Connection lost

Rejoining the realm…

Still unreachable

The connection could not be restored.

Session expired

The server has moved on; the page needs a fresh start.